 Dungeon Crawl Stone Soup version 0.26-a0-639-g72c4674329 (webtiles) character file.

Game seed: 630195462082798185

985 Lanoc the Arsonist (level 8, -3/85 HPs)
             Began as a Hill Orc Fire Elementalist on Sept 28, 2020.
             Killed by divine providence
             ... invoked by an orc priest
              (14 damage)
             ... on level 6 of the Dungeon.
             The game lasted 00:08:52 (6629 turns).

Lanoc the Arsonist (Hill Orc Fire Elementalist)     Turns: 6629, Time: 00:08:53

Health: -3/85      AC: 24    Str: 13    XL:     8   Next: 18%
Magic:  7/10       EV:  2    Int: 25    God:
Gold:   317        SH:  0    Dex: 11    Spells: 0/10 levels left

rFire    . . .     SeeInvis .   m - +2 dagger (elec)
rCold    . . .     Faith    .   (no shield)
rNeg     + + +     Spirit   .   (armour currently unavailable)
rPois    +         Reflect  .   (helmet currently unavailable)
rElec    .         Harm     .   (cloak currently unavailable)
rCorr    .         Rampage  .   (gloves currently unavailable)
MR       .....     NoTele   +   (boots currently unavailable)
Stlth    ++........             (no amulet)
HPRegen  0.24/turn              h - +6 ring of intelligence
MPRegen  0.12/turn              (no ring)

@: tree-form, berserk cooldown, stab, very slightly contaminated, hasted and
slowed, invisible
A: clever 1, mutation resistance 1, strong 1
a: no special abilities


You were on level 6 of the Dungeon.
You were a tree.
You visited 1 branch of the dungeon, and saw 6 of its levels.

You collected 317 gold pieces.

Inventory:

Hand Weapons
 m - a +2 dagger of electrocution (weapon)
Missiles
 q - 2 atropa-tipped darts (quivered)
Armour
 a - a +0 robe (melded)
Jewellery
 h - a +6 ring of intelligence (left branch)
 r - an uncursed ring of wizardry
Wands
 u - a wand of flame (17)
Scrolls
 b - a scroll of noise {unknown}
 c - 3 scrolls of enchant weapon {unknown}
 f - 6 scrolls of identify {unknown}
 g - 2 scrolls of amnesia {unknown}
 j - a scroll of fear {unknown}
 n - 6 scrolls of remove curse {unknown}
 o - a scroll of blinking {unknown}
 s - a scroll of teleportation {unknown}
 t - a scroll of magic mapping {unknown}
 v - a scroll of fog {unknown}
Potions
 d - a potion of haste
 e - 2 potions of invisibility
 i - a potion of lignification
 k - a potion of berserk rage
 p - a potion of stabbing


   Skills:
 + Level 4.6 Dodging
 - Level 1.5 Stealth
 - Level 1.5 Spellcasting
 - Level 1.0 Conjurations
 * Level 8.9 Fire Magic


You couldn't memorise any spells.
You knew the following spells:

 Your Spells              Type           Power        Failure   Level
a - Foxfire               Conj/Fire      ####         1%          1
b - Sticky Flame          Conj/Fire      ####....     16%         4
c - Fireball              Conj/Fire      ####......   38%         5

Your spell library contained the following spells:

 Spells                   Type           Power        Failure   Level
 Conjure Flame            Conj/Fire      ####....     4%          3
 Inner Flame              Hex/Fire       ###.....     5%          3


Dungeon Overview and Level Annotations

Branches:
Dungeon (6/15)
 Temple: D:4-7

Altars:
Okawaru


Innate Abilities, Weirdness & Mutations

Your mind is acute. (Int +2)
You are somewhat resistant to further mutation.
Your muscles are strong. (Str +2)


Message History

* * * LOW HITPOINT WARNING * * *
You feel sick.
You puncture the orc wizard!
Lightning courses through the orc wizard!
You kill the orc wizard!
You are no longer berserk.
You are exhausted.
You feel yourself slow down.
* * * LOW HITPOINT WARNING * * *
You feel sick.
It was a potion of curing.
You feel better.
It was a potion of stabbing.
You feel ready to backstab. The orc hits you but does no damage.
You hit the orc. Lightning courses through the orc!
You kill the orc!
You feel better.
The orc priest invokes the aid of Beogh against you.
Beogh smites you!
You die...

########## ######
#.......[# # ....#
#.######.# ###.
#..########.######.#
....###.#o♣).........##.#
#..#...)).####.###.##.#
#.........# #.# #.##.#
#.##...#### #.###.##.#
#...).## #........#
#####.# ######)#### #.#
#.......#### #'#
#.#####..<.# .o. #(##.#


You could see an orc priest.

Vanquished Creatures
  An ice beast (D:5)
  An ogre (D:4)
  A centaur (D:6)
  A howler monkey (D:5)
  A hound (D:5)
  2 orc priests (D:5)
  A centaur skeleton (D:4)
  4 orc wizards
  An iguana (D:5)
  Ijyb (D:3)
  3 worker ants
  A hound zombie (D:5)
  7 gnolls
  8 adders
  A white imp (D:5)
  An ufetubus (D:5)
  An adder zombie (D:5)
  An adder skeleton (D:4)
  5 worms
  7 leopard geckos
  14 orcs
  9 bats
  5 giant cockroaches
  9 hobgoblins
  5 jackals
  9 kobolds
  3 quokkas
  4 ball pythons
  5 frilled lizards
  12 goblins
  A jackal zombie (D:5)
  A quokka zombie (D:5)
  8 rats
134 creatures vanquished.

Vanquished Creatures (collateral kills)
  2 foxfires (D:1)
2 creatures vanquished.

Vanquished Creatures (others)
  A worker ant (D:6)
  482 foxfires
483 creatures vanquished.

Grand Total: 619 creatures vanquished

Notes
Turn   | Place    | Note
-------+----------+-------------------------------------------
     0 | D:1      | Lanoc the Hill Orc Fire Elementalist began the quest for
                  | the Orb.
     0 | D:1      | Reached XP level 1. HP: 14/14 MP: 3/3
   368 | D:1      | Reached XP level 2. HP: 20/20 MP: 2/4
   933 | D:1      | Reached skill level 4 in Fire Magic
  1360 | D:2      | Reached XP level 3. HP: 26/26 MP: 2/5
  1696 | D:2      | Gained mutation: You are somewhat resistant to further
                  | mutation. [potion of mutation]
  1696 | D:2      | Gained mutation: Your muscles are strong. (Str +2) [potion
                  | of mutation]
  1696 | D:2      | Gained mutation: Your mind is acute. (Int +2) [potion of
                  | mutation]
  1712 | D:2      | Reached XP level 4. HP: 11/33 MP: 1/6
  2715 | D:3      | Reached skill level 5 in Fire Magic
  2880 | D:3      | Learned a level 4 spell: Sticky Flame
  2884 | D:3      | Noticed Ijyb
  3111 | D:3      | You fall into a shaft and drop 1 floor!
  3174 | D:4      | Reached XP level 5. HP: 38/38 MP: 3/7
  3931 | D:3      | Killed Ijyb
  3931 | D:3      | Reached skill level 6 in Fire Magic
  4274 | D:4      | Noticed an ogre
  4283 | D:4      | Killed an ogre
  4283 | D:4      | Reached XP level 6. HP: 45/45 MP: 0/8
  4502 | D:5      | Entered Level 5 of the Dungeon
  4502 | D:5      | Noticed an ice beast
  4509 | D:5      | Killed an ice beast
  4509 | D:5      | Reached skill level 7 in Fire Magic
  4669 | D:5      | Reached XP level 7. HP: 38/50 MP: 0/9
  4898 | D:5      | Found an iron altar of Okawaru.
  5761 | D:5      | Reached skill level 8 in Fire Magic
  6448 | D:5      | Reached XP level 8. HP: 57/57 MP: 3/10
  6522 | D:5      | Learned a level 5 spell: Fireball
  6619 | D:6      | HP: 2/57 [poisoned by a worker ant]
  6624 | D:6      | HP: 2/127 [poisoned by a worker ant]
  6629 | D:6      | Killed from afar by an orc priest

Illustrated notes

Levels and vault maps discovered:
D:1:      dpeg_arrival_orchard, layout_loops_corners, serial_forest,
          infiniplex_forest_lined_3, infiniplex_forest_fountain,
          infiniplex_forest_lined_room_2, infiniplex_forest_lined_2,
          infiniplex_forest_end_2, infiniplex_forest_straight_4,
          infiniplex_forest_clump_curved
D:2:      layout_rooms
D:3:      kennysheep_the_goblin_king, layout_loops_ring
D:4:      layout_basic
D:5:      minmay_diamond_boxcup, layout_rooms, minmay_misc_feat_tower,
          okawaru_altar_gauntlet_db
D:6:      layout_loops_corners, serial_shops, shop, skrybe_limestone_x,
          uniq_eustachio, uniq_blork_the_orc, uniq_grinder, uniq_maggie

Skill      XL: |  1  2  3  4  5  6  7 |
---------------+----------------------+-----
Fire Magic     | 4 5 6 7 8 |  8.9
Dodging        | 2 3 4 |  4.6
Stealth        | |  1.5
Spellcasting   | |  1.5
Conjurations   | |  1.0

Action                   |  1- 3 |  4- 6 |  7- 9 || total
-------------------------+-------+-------+-------++-------
Melee: Unarmed           |    31 |     9 |       ||    40
       Dagger            |       |    50 |    32 ||    82
 Cast: Foxfire           |    66 |   114 |   104 ||   284
  Use: Potion            |     2 |       |     7 ||     9
Armor: Robe              |    15 |    12 |     6 ||    33
       Skin              |       |       |     1 ||     1
Dodge: Dodged            |    74 |    47 |    53 ||   174

Table legend: (Time is in decaauts)
 A = Elapsed time spent in this place.
 B = Non-inter-level travel time spent in this place.
 C = Inter-level travel time spent in this place.
 D = Time resting spent in this place.
 E = Time spent auto-exploring this place.
 F = Levels seen in this place.
 G = Mean time per level.
                   A        B        C        D        E       F      G
               +--------+--------+--------+--------+--------+-----+--------+
         Total |   6622 |   6539 |     83 |    794 |   4808 |   6 | 1103.7 |
       Dungeon |   6622 |   6539 |     83 |    794 |   4808 |   6 | 1103.7 |
               +--------+--------+--------+--------+--------+-----+--------+

Top non-repeatable levels by time:
     D:5: 1528 daAuts
     D:3: 1495 daAuts
     D:1: 1452 daAuts
     D:4: 1224 daAuts
     D:2: 824 daAuts
     D:6: 98 daAuts
